 Dungeon Crawl Stone Soup version 0.29.0-4-gdea44cf6ec (webtiles) character file.

Game seed: 10333169872297468573

84 qw the Sneak (level 4, -2/28 HPs)
             Began as a Gargoyle Delver on Sept 10, 2022.
             Slain by an iguana (5 damage)
             ... on level 3 of the Dungeon.
             The game lasted 00:01:28 (4045 turns).

qw the Sneak (Gargoyle Delver)                      Turns: 4045, Time: 00:01:29

Health: -2/28      AC:  8    Str: 18    XL:     4   Next: 45%
Magic:  4/4        EV: 11    Int: 10    God:
Gold:   70         SH:  0    Dex: 11    Spells: 3/3 levels left

rFire   . . .      SeeInvis .   o - +0 war axe
rCold   . . .      Faith    .   (no shield)
rNeg    + . .      Spirit   .   h - +0 ring mail
rPois   inf        Reflect  .   (no helmet)
rElec   +          Harm     .   j - scarf {repulsion}
rCorr   .          Rampage  .   (no gloves)
Will    +....                   (no boots)
Stlth   ++........              (no amulet)
HPRegen 0.09/turn               k - ring of willpower
MPRegen 0.09/turn               (no ring)

@: repel missiles
A: sickness immunity, AC +3, negative energy resistance 1, electricity
resistance, torment resistance 1, petrification resistance
a: no special abilities


You were on level 3 of the Dungeon.
You visited 1 branch of the dungeon, and saw 5 of its levels.

You collected 217 gold pieces.
You spent 147 gold pieces at shops.


Innate Abilities, Weirdness & Mutations

You are immune to sickness and miasma.
Your stone body is resilient. (AC +3)
You are immune to poison.
You resist negative energy. (rN+)
You are resistant to electric shocks. (rElec)
You are resistant to unholy torment.
You are immune to petrification.


   Skills:
 - Level 3.2 Fighting
 + Level 4.0 Axes
 - Level 1.0 Armour
 - Level 1.5 Dodging
 - Level 5.4 Stealth


You had 3 spell levels left.
You didn't know any spells.
Your spell library was empty.

Inventory:

Hand Weapons
 b - a +0 whip
 o - a +0 war axe (weapon)
Armour
 h - a +0 ring mail (worn)
 j - a scarf of repulsion (worn)
Jewellery
 k - a ring of willpower (left hand)
Wands
 g - a wand of digging (3)
Scrolls
 l - a scroll of identify
 m - a scroll of enchant armour
Potions
 a - a potion of curing
 d - a potion of cancellation
 e - a potion of flight {unknown}
 f - a potion of haste
 i - a potion of attraction {unknown}
 n - a potion of mutation {unknown}

Dungeon Overview and Level Annotations

Branches:
Dungeon (5/15)             Temple (0/1) D:4

Altars:
Dithmenos
Elyvilon
Xom

Shops:
D:2 *


Message History

You climb upwards.
There is a stone staircase leading down here.
You slash the orc!
You kill the orc!
You start resting.
HP restored.
Done exploring.
(D) Dungeon (T) Temple
Where to? (* - list waypoints, Enter - Temple, ? - help)
You climb downwards.
The iguana bites you.
There is a stone staircase leading up here.
4036 ||| STAIRDANCE The iguana misses you.
You climb upwards.
There is a stone staircase leading down here.
You hit the iguana but do no damage. The iguana completely misses you.
The iguana closely misses you.
You slash the iguana!
The iguana is heavily wounded.
The iguana bites you!
You closely miss the iguana.
The iguana is heavily wounded.
The iguana bites you.
You barely miss the iguana.
The iguana is heavily wounded.
The iguana barely misses you.
You barely miss the iguana.
The iguana is heavily wounded.
The iguana bites you! The iguana bites you.
You hit the iguana.
The iguana is heavily wounded.
The iguana bites you.
You hit the iguana.
The iguana is severely wounded.
The iguana bites you but does no damage.
You barely miss the iguana.
The iguana is severely wounded.
The iguana bites you but does no damage.
The iguana bites you.
You die...

##...#......#####.....##
#..........##.....#..#
##.<......##..######.##
#...........## #...
#........#### ###.
#........#### ##
#...........## #
#.?.....^##..##### ##
#...[@<..###.....####.
#...l....# #####......
########## ######. #..
#.# #.# #.# #.# #### #.#


You could see an iguana.

Vanquished Creatures
  An adder (D:3)
  An ufetubus (D:5)
  4 worms (D:2)
  A dart slug (D:1)
  An orc (D:3)
  4 endoplasms
  4 giant cockroaches
  5 goblins
  4 hobgoblins
  6 quokkas
  6 ball pythons
  3 bats (D:1)
  7 frilled lizards
  2 kobolds
  4 rats
53 creatures vanquished.

Vanquished Creatures (others)
  2 fungi (D:1)
  2 plants (D:1)
4 creatures vanquished.

Grand Total: 57 creatures vanquished

Notes
Turn   | Place    | Note
-------+----------+-------------------------------------------
     0 | D:5      | qw the Gargoyle Delver began the quest for the Orb.
     0 | D:5      | Reached XP level 1. HP: 14/14 MP: 1/1
     0 | D:5      | 0 ||| qw: Version: 0.1-a-117-gfe26ee0
     0 | D:5      | 0 ||| qw: Game counter: 9630
     0 | D:5      | 0 ||| qw: Always use a shield: true
     0 | D:5      | 0 ||| qw: God list: Okawaru
     0 | D:5      | 0 ||| qw: Allow faded altars: false
     0 | D:5      | 0 ||| qw: Do Orc after D:15 true
     0 | D:5      | 0 ||| qw: Do second Lair branch before Depths: true
     0 | D:5      | 0 ||| qw: Lair rune preference: random
     0 | D:5      | 0 ||| qw: Plans: Normal
     0 | D:5      | 0 ||| PLANNING D:1-11
   149 | D:5      | 149 ||| READING scroll labelled JADUIDIUQEU.
   150 | D:5      | 150 ||| DROPPING scroll of fog.
   151 | D:5      | 151 ||| DROPPING scroll of magic mapping.
   152 | D:5      | 152 ||| DROPPING scroll of fear.
   209 | D:3      | Found a shimmering altar of Xom.
   275 | D:3      | Reached XP level 2. HP: 16/19 MP: 2/2
   521 | D:3      | 521 ||| READING scroll labelled POUTIO OGIA.
   522 | D:3      | 522 ||| READING scroll labelled MOWEANN YRYMEU.
   613 | D:1      | 613 ||| Stepping ~*~*~tactically~*~*~ (stealth).
   632 | D:1      | 632 ||| Stepping ~*~*~tactically~*~*~ (stealth).
   636 | D:1      | 636 ||| Stepping ~*~*~tactically~*~*~ (stealth).
   637 | D:1      | 637 ||| Stepping ~*~*~tactically~*~*~ (stealth).
   638 | D:1      | 638 ||| Stepping ~*~*~tactically~*~*~ (stealth).
   639 | D:1      | 639 ||| Stepping ~*~*~tactically~*~*~ (stealth).
   640 | D:1      | 640 ||| Stepping ~*~*~tactically~*~*~ (stealth).
   852 | D:1      | Found a faded altar of an unknown god.
   913 | D:1      | 913 ||| Stepping ~*~*~tactically~*~*~ (stealth).
   923 | D:1      | 923 ||| Stepping ~*~*~tactically~*~*~ (stealth).
   925 | D:1      | 925 ||| Stepping ~*~*~tactically~*~*~ (stealth).
   940 | D:1      | Reached skill level 3 in Axes
  1077 | D:1      | Reached XP level 3. HP: 23/23 MP: 3/3
  1215 | D:1      | You fall into a shaft and drop 1 floor!
  1216 | D:2      | 1216 ||| UPGRADING to +0 ring mail.
  1226 | D:2      | 1226 ||| DROPPING +0 leather armour.
  1227 | D:2      | 1227 ||| READING scroll labelled RIMOR MAOH.
  1229 | D:2      | 1229 ||| Stepping ~*~*~tactically~*~*~ (stealth).
  1230 | D:2      | 1230 ||| Stepping ~*~*~tactically~*~*~ (stealth).
  1243 | D:2      | 1243 ||| Stepping ~*~*~tactically~*~*~ (stealth).
  1245 | D:2      | 1245 ||| Stepping ~*~*~tactically~*~*~ (stealth).
  1282 | D:2      | 1282 ||| DROPPING +0 club.
  1338 | D:2      | 1338 ||| FLEEEEING.
  1342 | D:2      | 1342 ||| STAIRDANCE
  1869 | D:1      | 1869 ||| UPGRADING to scarf of repulsion.
  2002 | D:2      | Found Byto's Assorted Antiques.
  2011 | D:2      | 2011 ||| BUYING peridot ring (105 gold).
  2011 | D:2      | Bought a peridot ring for 105 gold pieces
  2011 | D:2      | 2011 ||| SHOPLISTING runed whip (115 gold, have 57).
  2011 | D:2      | 2011 ||| BUYING scroll of identify (42 gold).
  2011 | D:2      | Bought a scroll of identify for 42 gold pieces
  2011 | D:2      | 2011 ||| SHOPLISTING scroll of identify (42 gold, have 15).
  2011 | D:2      | 2011 ||| SHOPLISTING viscous inky potion (18 gold, have
                  | 15).
  2011 | D:2      | 2011 ||| SHOPLISTING yellow potion (18 gold, have 15).
  2437 | D:2      | Reached XP level 4. HP: 28/28 MP: 4/4
  2455 | D:2      | 2455 ||| Stepping ~*~*~tactically~*~*~ (stealth).
  2457 | D:2      | 2457 ||| Stepping ~*~*~tactically~*~*~ (stealth).
  3063 | D:2      | Identified the +5 dagger of Qazlal's Inspiration {holy,
                  | rElec Int+2}
  3161 | D:2      | HP: 5/28 [worm (7)]
  3162 | D:2      | 3162 ||| READING scroll of teleportation.
  3483 | D:2      | 3483 ||| UPGRADING to ring of willpower.
  3484 | D:2      | 3484 ||| READING scroll labelled FAKIM DUILUPTA.
  3524 | D:3      | Reached skill level 1 in Armour
  3550 | D:3      | Found a shadowy altar of Dithmenos.
  3749 | D:3      | Found a white marble altar of Elyvilon.
  3750 | D:3      | 3750 ||| SWAPPING to +0 war axe.
  3751 | D:3      | 3751 ||| DROPPING +0 hand axe.
  3841 | D:3      | 3841 ||| DRINKING 2 puce potions.
  3842 | D:3      | 3842 ||| DRINKING 2 bubbling orange potions.
  3843 | D:3      | 3843 ||| READING 2 scrolls of identify.
  3843 | D:3      | 3843 ||| IDENTIFYING fuming orange potion
  3844 | D:3      | 3844 ||| DROPPING potion of berserk rage.
  3905 | D:4      | Found a staircase to the Ecumenical Temple.
  3906 | D:4      | 3906 ||| PLANNING TEMPLE
  3912 | D:4      | 3912 ||| FLEEEEING.
  3916 | D:4      | 3916 ||| FLEEEEING.
  3917 | D:4      | 3917 ||| FLEEEEING.
  3942 | D:4      | 3942 ||| FLEEEEING.
  3946 | D:4      | 3946 ||| FLEEEEING.
  3947 | D:4      | 3947 ||| FLEEEEING.
  3972 | D:4      | 3972 ||| FLEEEEING.
  3973 | D:4      | 3973 ||| FLEEEEING.
  3974 | D:4      | 3974 ||| FLEEEEING.
  3975 | D:4      | 3975 ||| FLEEEEING.
  3976 | D:4      | 3976 ||| FLEEEEING.
  3977 | D:4      | 3977 ||| FLEEEEING.
  3978 | D:4      | 3978 ||| FLEEEEING.
  3979 | D:4      | 3979 ||| FLEEEEING.
  3980 | D:4      | 3980 ||| FLEEEEING.
  3981 | D:4      | 3981 ||| FLEEEEING.
  3983 | D:4      | 3983 ||| FLEEEEING.
  3984 | D:4      | 3984 ||| FLEEEEING.
  3985 | D:4      | 3985 ||| FLEEEEING.
  3986 | D:4      | 3986 ||| FLEEEEING.
  3988 | D:4      | 3988 ||| STAIRDANCE
  3992 | D:4      | 3992 ||| STAIRDANCE
  4036 | D:4      | 4036 ||| STAIRDANCE
  4042 | D:3      | HP: 6/28 [iguana (7)]
  4045 | D:3      | Slain by an iguana

Levels and vault maps discovered:
D:1:      psy_arrival_radial01, layout_basic,
          shapermc_ecumenical_altar_hornbeckon, grunt_decor_arrowhead
D:2:      layout_loops_corners, serial_shops, nicolae_diamond_shop,
          lemuel_old_faithful
D:3:      layout_rooms, elyvilon_altar_1, nicolae_dithmenos_shadow_blocks,
          lemuel_doored_altar
D:4:      layout_loops_ring, nicolae_ashenzari_panopticon,
          minmay_temple_entry_butterflies, lemuel_flame_loot_1
D:5:      layout_layer_cave, fedhas_altar_4

Skill      XL: |  1  2  3  4 |
---------------+-------------+-----
Axes           | 2 3 4 |  4.0
Armour         | 1 |  1.0
Fighting       | |  3.2
Dodging        | |  1.5
Stealth        | |  5.4

Action                   |  1- 3 |  4- 6 || total
-------------------------+-------+-------++-------
Melee: Hand axe          |   160 |    47 ||   207
       Punch             |     3 |     1 ||     4
       War axe           |       |     9 ||     9
  Use: Scroll            |     4 |     3 ||     7
       Potion            |       |     2 ||     2
 Stab: Distracted        |     1 |       ||     1
       Sleeping          |     1 |       ||     1
Armor: Leather armour    |    31 |       ||    31
       Ring mail         |    20 |    13 ||    33
Dodge: Dodged            |    88 |    20 ||   108

Table legend:
 A = Non-vault XP
 B = Vault XP
 C = Vault XP percentage of total XP
 D = Non-vault monster count
 E = Vault monster count
 F = Vault count percentage of total count
                 A         B        C        D         E       F
            +---------+---------+-------+---------+---------+-------
      Total |     120 |       0 |   0.0 |      53 |       0 |   0.0
            +---------+---------+-------+---------+---------+-------
        D:1 |      34 |       0 |   0.0 |      22 |       0 |   0.0
        D:2 |      56 |       0 |   0.0 |      24 |       0 |   0.0
        D:3 |      22 |       0 |   0.0 |       6 |       0 |   0.0
        D:5 |       8 |       0 |   0.0 |       1 |       0 |   0.0
            +---------+---------+-------+---------+---------+-------
